 Dungeon Crawl Stone Soup version 0.19-a0-627-g7ac35de (webtiles) character file.

679 Ordine the Thaumaturge (level 7, -5/36 HPs)
             Began as a Deep Elf Wizard on June 13, 2016.
             Slain by Etesian's ghost (12 damage)
             ... on level 4 of the Dungeon.
             The game lasted 00:14:36 (3800 turns).

Ordine the Thaumaturge (Deep Elf Wizard)            Turns: 3800, Time: 00:14:36

Health: -5/36      AC: 10    Str:  4    XL:     7   Next: 34%
Magic:  1/20       EV: 13    Int: 25    God:
Gold:   205        SH:  0    Dex: 13    Spells: 5 memorised, 11 levels left

rFire  . . .     SeeInvis .     j - +1 mace (protect)
rCold  . . .     Gourm    .     a - +0 robe
rNeg   . . .     Faith    .     (no shield)
rPois  .         Spirit   .     g - +1 helmet
rElec  .         Dismiss  .     n - +0 cloak
rCorr  .         Reflect  .     (no gloves)
SustAt .         Harm     .     (no boots)
MR     .....                    (no amulet)
Stlth  ++........               (no ring)
                                (no ring)

@: very slightly contaminated, repel missiles, not resistant to hostile
enchantments, unstealthy
A: no striking features
a: no special abilities


You were on level 4 of the Dungeon.
You were hungry.

You visited 1 branch of the dungeon, and saw 4 of its levels.

You collected 205 gold pieces.

Inventory:

Hand Weapons
 j - a +1 mace of protection (weapon)
Armour
 a - a +0 robe (worn)
 g - a +1 helmet (worn)
 n - a +0 cloak (worn)
Jewellery
 o - an uncursed ring of ice {unknown}
Potions
 i - a potion of cancellation
Books
 c - a book of Minor Magic

   Spells                             Type                      Level
   a - Magic Dart                     Conjuration                  1
   b - Blink                          Translocation                2
   c - Call Imp                       Summoning                    2
   d - Repel Missiles                 Charms/Air                   2
   e - Slow                           Hexes                        2
   f - Conjure Flame                  Conjuration/Fire             3
   g - Mephitic Cloud                 Conjuration/Poison/Air       3
Comestibles
 d - 3 bread rations
 h - a beef jerky


   Skills:
 - Level 2.4 Dodging
 - Level 2.4 Stealth
 + Level 8.0 Spellcasting
 + Level 4.5 Conjurations
 * Level 2.6 Charms
   Level 1.1 Summonings
 - Level 3.0 Translocations
 + Level 2.0 Fire Magic
 + Level 1.9 Air Magic


You had 11 spell levels left.
You knew the following spells:

 Your Spells              Type           Power        Failure   Level  Hunger
a - Magic Dart            Conj           ####         1%          1    None
b - Blink                 Tloc           N/A          2%          2    None
c - Conjure Flame         Conj/Fire      ####....     6%          3    None
d - Mephitic Cloud        Conj/Pois/Air  ###.....     10%         3    None
i - Repel Missiles        Chrm/Air       ###...       4%          2    None


Dungeon Overview and Level Annotations

Branches:
Dungeon (4/15)
 Temple: D:4-7

Altars:

Annotations:
D:4 Etesian's ghost, amateur HOFi


Message History

Aiming: Magic Dart
Press: ? - help, Shift-Dir - straight line, f/p - Etesian's ghost
Aim: Etesian's ghost (almost destroyed)
The magic dart hits Etesian's ghost.
Etesian's ghost is almost destroyed.
Etesian's ghost barely misses you.
You flicker back into view.
Found a stone staircase leading up.
Casting: Magic Dart
Confirm with . or Enter, or press ? or * to list all spells.
Aiming: Magic Dart
Press: ? - help, Shift-Dir - straight line, f/p - Etesian's ghost
Aim: Etesian's ghost (almost destroyed)
The magic dart hits Etesian's ghost.
Etesian's ghost is almost destroyed.
Etesian's ghost hits you!
* * * LOW HITPOINT WARNING * * *
Etesian's ghost whispers, "They're coming for you..."
Etesian's ghost hits you!
You die...

..# #.# #.###
#####.... #........
#.###.### #.# #.#
########## #.# #.#
#.....@..##.###†###.#
#.#....W.##.........#
#....###.######>###.#
#....
#.######.###.##. #..#
#..............# #..
#.............## #.
#######.####.#.# #
#########..###.... ..
...........######


You could see Etesian's ghost.

Vanquished Creatures
  Sigmund (D:3)
  An ogre (D:4)
  A scorpion (D:4)
  2 orc priests (D:4)
  A giant frog skeleton (D:4)
  Crazy Yiuf (D:3)
  Terence (D:3)
  An orc wizard (D:4)
  A worker ant (D:4)
  A hound skeleton (D:4)
  8 gnolls
  3 adders
  A worm (D:3)
  A dart slug (D:1)
  2 giant geckos (D:2)
  3 orcs (D:4)
  8 bats
  4 giant cockroaches
  8 goblins
  7 hobgoblins
  8 jackals (D:2)
  15 kobolds
  2 quokkas (D:4)
  A ball python (D:3)
  A giant newt (D:2)
  8 rats
  A fungus (D:3)
92 creatures vanquished.

Notes
Turn   | Place    | Note
--------------------------------------------------------------
     0 | D:1      | Ordine the Deep Elf Wizard began the quest for the Orb.
     0 | D:1      | Reached XP level 1. HP: 10/10 MP: 7/7
   178 | D:1      | Reached XP level 2. HP: 11/15 MP: 0/9
   255 | D:1      | Learned a level 2 spell: Blink
   875 | D:1      | Gained mutation: You are agile. (Dex +2) [potion of mutation]
   875 | D:1      | Gained mutation: You are very agile. (Dex +4) [potion of mutation]
   875 | D:1      | Gained mutation: You tend to lose your temper in combat. [potion of mutation]
   881 | D:2      | Reached skill level 5 in Spellcasting
  1055 | D:2      | Reached XP level 3. HP: 19/19 MP: 1/11
  1061 | D:2      | Learned a level 3 spell: Conjure Flame
  1114 | D:2      | Learned a level 3 spell: Mephitic Cloud
  1117 | D:2      | Learned a level 2 spell: Repel Missiles
  1823 | D:3      | Reached XP level 4. HP: 24/24 MP: 1/13
  1886 | D:2      | Reached skill level 6 in Spellcasting
  2271 | D:3      | Reached XP level 5. HP: 28/28 MP: 0/15
  2656 | D:3      | Noticed Sigmund
  2667 | D:3      | Killed Sigmund
  2667 | D:3      | Reached skill level 7 in Spellcasting
  2667 | D:3      | Reached skill level 1 in Fire Magic
  2667 | D:3      | Reached skill level 1 in Air Magic
  2667 | D:3      | Reached XP level 6. HP: 27/32 MP: 5/18
  2892 | D:3      | Noticed Terence
  2905 | D:3      | Killed Terence
  3057 | D:3      | Noticed Crazy Yiuf
  3067 | D:3      | Killed Crazy Yiuf
  3367 | D:4      | Reached XP level 7. HP: 35/36 MP: 11/20
  3418 | D:4      | Reached skill level 8 in Spellcasting
  3418 | D:4      | Reached skill level 1 in Charms
  3706 | D:4      | Noticed Etesian's ghost (amateur HOFi)
  3731 | D:4      | Lost mutation: You tend to lose your temper in combat. [potion of cure mutation]
  3731 | D:4      | Lost mutation: You are very agile. (Dex +4) [potion of cure mutation]
  3731 | D:4      | Lost mutation: You are agile. (Dex +2) [potion of cure mutation]
  3777 | D:4      | HP: 1/36 [Etesian's ghost (10)]
  3800 | D:4      | Slain by Etesian's ghost

Vault maps used:
D:1:      dpeg_arrival_houses_and_road, hangedman_feature_mirror
D:3:      uniq_sigmund, uniq_terence, uniq_crazy_yiuf_cottage
D:4:      kennysheep_dice

Skill      XL: |  1  2  3  4  5  6  7 |
---------------+----------------------+-----
Conjurations   | 2 3 4 |  4.5
Spellcasting   | 5 6 7 8 |  8.0
Translocations | 2 3 |  3.0
Fire Magic     | 1 2 |  2.0
Air Magic      | 1 |  1.9
Charms         | 2 |  2.6
Dodging        | |  2.4
Stealth        | |  2.4
Summonings     | |  1.1

Action                   |  1- 3 |  4- 6 |  7- 9 || total
-------------------------+-------+-------+-------++-------
Melee: Club              |    18 |    26 |       ||    44
       Mace              |       |       |    15 ||    15
 Cast: Magic Dart        |   117 |   124 |    74 ||   315
       Conjure Flame     |     1 |     3 |     2 ||     6
       Repel Missiles    |     1 |       |       ||     1
       Blink             |       |     1 |     2 ||     3
       Mephitic Cloud    |       |     3 |     1 ||     4
  Use: Scroll            |     4 |     4 |     1 ||     9
       Potion            |     1 |       |     7 ||     8
  Eat: Chunk             |     2 |     5 |     1 ||     8
Armor: Robe              |    17 |     4 |     8 ||    29
Dodge: Dodged            |    50 |    27 |    41 ||   118
